Map: Terrasses de Prion

Players

Wryce

  • Race: Terran Terran
  • Spawn Location: 5:00

zidar - Winner!

  • Race: Zerg Zerg
  • League: Gold
  • Spawn Location: 11:00

VOD

Have the link to the VOD?

Description

Time

  • Played on: May 21, 2016, 2:50 p.m.
  • Length: 6:24
Show
View Real Time Build Order
Export as new Build Order

Wryce Terran 

Build Orders:  

Get SALT Encoding   

  12  0:02  SCV  
  13  0:14  SCV  
  14  0:21  Supply Depot  
  14  0:26  SCV  
  15  0:43  SCV  
  15  0:44  Barracks  
  16  0:55  SCV  
  17  1:07  SCV  
  18  1:18  Refinery  
  18  1:29  SCV  
  18  1:30  Barracks  
  19  1:33  Supply Depot  
  19  1:38  Marine  
  20  1:48  Refinery  
  20  2:17  Command Center  
  20  2:27  Marine  
  20  2:28  Barracks Reactor  
  21  2:38  Factory  
  21  2:41  Orbital Command  
  21  2:44  Marine  
  22  2:55  Engineering Bay  
  22  3:02  Marine  
  22  3:07  Marine x2  
  24  3:30  Barracks Tech Lab  
  24  3:37  Starport  
  24  3:38  Marine x2  
  28  3:43  Widow Mine  
  28  3:46  SCV  
  29  3:58  SCV  
  29  4:00  Marauder  
  34  4:12  Widow Mine  
  34  4:14  SCV  
  35  4:19  Medivac  
  35  4:23  SCV  
  38  4:26  SCV  
  39  4:35  SCV  
  39  4:38  SCV  
  41  4:47  SCV  
  42  4:59  SCV  
  43  5:13  Marine  
  46  5:19  Widow Mine  
  46  5:22  Supply Depot  
  46  5:44  Marine x2, Supply Depot  
  53  5:51  Widow Mine  
  53  6:01  Marine  
  53  6:03  Marine  
  54  6:06  Supply Depot  
Show
View Real Time Build Order
Export as new Build Order

zidar Zerg - Winner!

Build Orders: Hatch First 

Get SALT Encoding   

  12  0:01  Drone  
  13  0:14  Overlord  
  13  0:18  Drone  
  14  0:32  Drone x2  
  16  0:36  Drone  
  17  0:55  Hatchery  
  16  0:57  Drone  
  17  1:12  Spawning Pool  
  17  1:15  Drone  
  17  1:18  Extractor  
  17  1:20  Drone  
  17  1:28  Drone  
  17  1:32  Overlord  
  18  1:40  Drone  
  19  1:52  Drone  
  20  2:06  Zergling x2  
  20  2:08  Queen  
  20  2:10  Queen  
  20  2:14  Extractor  
  23  2:19  Metabolic Boost  
  23  2:30  Overlord  
  23  2:31  Zergling x2  
  23  2:32  Zergling x4  
  26  2:53  Roach Warren  
  26  2:54  Drone x3  
  28  3:15  Extractor  
  28  3:18  Extractor  
  27  3:27  Drone x5  
  31  3:34  Overlord  
  31  3:52  Roach  
  31  3:53  Roach x2  
  36  4:13  Lair  
  36  4:17  Drone x7  
  43  4:33  Roach x4  
  51  4:44  Baneling Nest  
  50  4:48  Drone  
  50  4:50  Overlord x2  
  51  5:03  Pneumatized Carapace  
  51  5:14  Overseer  
Tags
 
League
Gold
Matchup
TvZ
Spawn Locations
Cross Positions
Add a new tag
Caveats
  • Supply blocks, unpowered buildings, or Contaminate may cause inaccurate times.
  • Supply counts are checked every 10 seconds.